 Dungeon Crawl Stone Soup version 0.28.0-49-g6dfe1f597d (webtiles) character file.

Game seed: 16961702906970624569

328 101zpm the Magician (level 6, -2/40 HPs)
             Began as a Djinni Fire Elementalist on May 15, 2022.
             Slain by a water moccasin (4 damage)
             ... on level 4 of the Dungeon.
             The game lasted 00:03:16 (2827 turns).

101zpm the Magician (Djinni Fire Elementalist)      Turns: 2827, Time: 00:03:17

Health: -2/40      AC:  2    Str:  7    XL:     6   Next: 80%
Gold:   40         EV: 12    Int: 18    God:
                   SH:  0    Dex: 14

rFire   + + .      SeeInvis .   (no weapon)
rCold   x . .      Faith    .   (no shield)
rNeg    . . .      Spirit   .   a - +0 robe
rPois   ∞          Reflect  .   (no helmet)
rElec   .          Harm     .   (no cloak)
rCorr   .          Rampage  .   (no gloves)
Will    .....                   (boots unavailable)
Stlth   ++........              (no amulet)
HPRegen 0.13/turn               (no ring)
MPRegen 0.00/turn               (no ring)

@: flying
A: sickness immunity, fire resistance 2, cold vulnerability 1, float, innate
caster, HP casting, extra vitality 1
a: no special abilities


You were on level 4 of the Dungeon.
You visited 1 branch of the dungeon, and saw 5 of its levels.

You collected 40 gold pieces.

Inventory:

Armour
 a - a +0 robe (worn)
Wands
 c - a wand of flame (21)
 f - a wand of charming (11)
Scrolls
 b - 3 scrolls of identify {unknown}
 h - a scroll of summoning {unknown}
Potions
 d - a potion of heal wounds {unknown}
 e - a potion of curing {unknown}
 g - a potion of might {unknown}


   Skills:
 + Level 2.6 Dodging
 + Level 2.4 Stealth
 + Level 5.1 Spellcasting


You couldn't memorise any spells.
You knew the following spells:

 Your Spells              Type           Power      Damage    Failure   Level
a - Foxfire               Conj/Fire      92%        2x1d8     1%          1
b - Scorch                Fire           46%        2d7       2%          2
c - Conjure Flame         Conj/Fire      23%        6-21      4%          3
d - Inner Flame           Hex/Fire       23%        N/A       4%          3
e - Flame Wave            Conj/Fire      23%        2d7       16%         4
f - Pain                  Necr           92%        1d8       1%          1
g - Passwall              Tmut/Erth      19%        N/A       2%          2
Your spell library was empty.

Dungeon Overview and Level Annotations

Branches:
Dungeon (5/15)
 Temple: D:4-7

Altars:
The Shining One


Innate Abilities, Weirdness & Mutations

You are immune to sickness and miasma.
You are immune to poison.
Your flesh is very heat resistant. (rF++)
You are vulnerable to cold. (rC-)
You float through the air rather than walking.
You learn spells naturally, not from books.
Your magical power is your life essence.
You have superior vitality. (+4 MHP)


Message History

Casting: Foxfire (safe; 1% risk of failure)
Press: ? - help, Q - select action, (/) - cycle Dir - look around, f - activate You conjure some foxfire!
An ogre comes into view. It is wielding a +0 giant club.
Casting: Foxfire (safe; 1% risk of failure)
Confirm with . or Enter, or press ? or * to list all spells.
Aiming: Inner Flame (dangerous; 4% risk of failure)
Press: ? - help, Dir - move target, f - ogre
Aim: an ogre, wielding a +0 giant club (chance to affect: 78%)
The ogre barely resists.
The foxfire hits the adder skeleton!
The adder skeleton is heavily damaged.
The foxfire hits the adder skeleton.
The adder skeleton is almost destroyed.
Casting: Inner Flame (dangerous; 4% risk of failure)
Confirm with . or Enter, or press ? or * to list all spells.
Aiming: Inner Flame (dangerous; 4% risk of failure)
Press: ? - help, Dir - move target, f/p - ogre
Aim: an ogre, wielding a +0 giant club (chance to affect: 78%)
The ogre is filled with an inner flame.
* * * LOW HITPOINT WARNING * * *
The ogre misses you.
You see here a +0 buckler.
An endoplasm comes into view.
A water moccasin comes into view.
The water moccasin hisses angrily.
You closely miss the water moccasin. The adder skeleton bites you.
* * * LOW HITPOINT WARNING * * *
The water moccasin barely misses you. The adder skeleton misses you.
The water moccasin bites you.
* * * LOW HITPOINT WARNING * * *
The endoplasm misses you.
The water moccasin bites you but does no damage.
The endoplasm freezes you.
You are frozen.
You feel a terrible chill!
* * * LOW HITPOINT WARNING * * *
The endoplasm hits you but does no damage.
The water moccasin bites you.
* * * LOW HITPOINT WARNING * * *
The water moccasin bites you.
You die...

#.......#O#.....
.....
#................
.....
#...##.##........
.....
##...##.####.#####
....#
#K.....Z####.####
....#
#.#####O........#
#.........#
#..SJ.....##
#...@.......
######.####. .#


You could see a water moccasin, an ogre (inner flame), an endoplasm and an adder
skeleton.

Vanquished Creatures
  A bullfrog (D:3)
  2 wyvern zombies (D:5)
  2 iguanas (D:5)
  5 adders
  A worm (D:2)
  A dart slug (D:3)
  2 orcs
  3 ball pythons
  4 endoplasms
  2 goblins
  6 hobgoblins
  4 jackals
  3 quokkas
  4 bats
  A frilled lizard (D:3)
  5 kobolds
  3 rats
49 creatures vanquished.

Vanquished Creatures (others)
  268 foxfires
268 creatures vanquished.

Grand Total: 317 creatures vanquished

Notes
Turn   | Place    | Note
-------+----------+-------------------------------------------
     0 | D:1      | 101zpm the Djinni Fire Elementalist began the quest for the
                  | Orb.
     0 | D:1      | Reached XP level 1. HP: 15/15 MP: 0/0
   104 | D:1      | Reached XP level 2. HP: 15/21 MP: 0/0
   380 | D:2      | Reached skill level 3 in Spellcasting
   380 | D:2      | Reached XP level 3. HP: 17/25 MP: 0/0
   380 | D:2      | Learned a level 1 spell: Pain
   598 | D:2      | Found a glowing golden altar of the Shining One.
  1341 | D:3      | Reached XP level 4. HP: 24/31 MP: 0/0
  2318 | D:3      | Noticed a bullfrog
  2322 | D:3      | Killed a bullfrog
  2323 | D:3      | Reached skill level 4 in Spellcasting
  2323 | D:3      | Reached XP level 5. HP: 30/35 MP: 0/0
  2323 | D:3      | Learned a level 2 spell: Passwall
  2417 | D:5      | Entered Level 5 of the Dungeon
  2542 | D:5      | Reached XP level 6. HP: 32/40 MP: 0/0
  2803 | D:5      | Reached skill level 5 in Spellcasting
  2807 | D:4      | Noticed an ogre
  2817 | D:4      | Noticed a water moccasin
  2824 | D:4      | HP: 1/40 [water moccasin (2)]
  2827 | D:4      | Slain by a water moccasin

Illustrated notes

Levels and vault maps discovered:
D:1:      dpeg_arrival_oval, layout_basic
D:2:      layout_basic, basic_altar, glass_columns_b, grunt_decor_arrowhead
D:3:      layout_basic
D:4:      layout_basic, grunt_gozag_statues,
          mainiacjoe_overflow_six_doors_small, minmay_temple_entry_proselytizer,
          ebering_ghost_reflecting_pool
D:5:      layout_basic, kennysheep_little_box, gammafunk_temple_overflow_statue

Skill      XL: |  1  2  3  4  5  6 |
---------------+-------------------+-----
Spellcasting   | 3 4 5 |  5.1
Stealth        | 2 |  2.4
Dodging        | |  2.6

Action                   |  1- 3 |  4- 6 || total
-------------------------+-------+-------++-------
Melee: Unarmed           |       |     1 ||     1
 Cast: Foxfire           |    70 |    89 ||   159
       Scorch            |     1 |    13 ||    14
       Inner Flame       |       |     2 ||     2
Armor: Robe              |       |     2 ||     2
Dodge: Dodged            |     1 |     5 ||     6
